 Dungeon Crawl Stone Soup version 0.18.1-8-gdd0e5ea (webtiles) character file.

84 Hipnos the Caller (level 4, -1/31 HPs)
             Began as a Mummy Summoner on May 22, 2016.
             Slain by a white imp (2 damage)
             ... summoned by Natasha
             ... on level 3 of the Dungeon.
             The game lasted 00:07:43 (2441 turns).

Hipnos the Caller (Mummy Summoner)                  Turns: 2441, Time: 00:07:44

Health: -1/31      AC:  3    Str: 11    XL:     4   Next: 23%
Magic:  3/8        EV: 12    Int: 15    God:
Gold:   76         SH:  0    Dex: 12    Spells: 1 memorised, 7 levels left

rFire  x . .     SeeInvis .     e - +0 spear
rCold  + . .     Gourm    .     a - +1 robe
rNeg   + + +     Faith    .     (no shield)
rPois  ∞         Spirit   .     (no helmet)
rElec  .         Dismiss  .     (no cloak)
rCorr  .         Reflect  .     (no gloves)
SustAt .         Harm     .     (no boots)
MR     .....                    (no amulet)
Stlth  ++........               (no ring)
                                (no ring)

@: very slightly contaminated, slowed, very slow, not resistant to hostile
enchantments, unstealthy
A: no food or potions, fire vulnerability, cold resistance 1, negative energy
resistance 3, torment resistance, unbreathing
a: no special abilities


You were on level 3 of the Dungeon.
You were not hungry.

You visited 1 branch of the dungeon, and saw 3 of its levels.

You collected 76 gold pieces.

Inventory:

Hand Weapons
 c - a +0 club
 e - a +0 spear (weapon)
Armour
 a - a +1 robe (worn)
Scrolls
 f - 2 scrolls of magic mapping
Books
 b - a book of Callings

   Spells                             Type                      Level
   a - Summon Small Mammal            Summoning                    1
   b - Call Imp                       Summoning                    2
   c - Call Canine Familiar           Summoning                    3
   d - Summon Guardian Golem          Hexes/Summoning              3
   e - Summon Lightning Spire         Summoning/Air                4
   f - Summon Ice Beast               Ice/Summoning                4


   Skills:
 + Level 0.4 Fighting
 + Level 2.4 Dodging
 - Level 1.5 Stealth
 + Level 2.9 Spellcasting
 + Level 3.8 Summonings


You had 7 spell levels left.
You knew the following spells:

 Your Spells              Type           Power        Failure   Level  Hunger
a - Summon Small Mammal   Summ           ##..         4%          1    N/A

Dungeon Overview and Level Annotations

Branches:
Dungeon (3/15)

Altars:
Cheibriados
Fedhas
Vehumet

Annotations:
D:3 Natasha; murphy's ghost, weakling MfAE


Innate Abilities, Weirdness & Mutations

You do not eat or drink.
Your flesh is vulnerable to fire.
You are immune to poison.
Your flesh is cold resistant.
You are immune to negative energy.
You are immune to unholy pain and torment.
You can survive without breathing.


Message History

Casting: Summon Small Mammal
Confirm with . or Enter, or press ? or * to list all spells.
The white imp hits you but does no damage.
Your quokka closely misses Natasha.
Natasha closely misses you. The white imp hits you.
* * * LOW HITPOINT WARNING * * *
The white imp freezes you. You resist.
* * * LOW HITPOINT WARNING * * *
You hit Natasha.
Natasha is moderately wounded.
Your quokka bites Natasha.
Natasha misses you.
Your quokka misses Natasha. The white imp barely misses you.
Your rat bites the white imp but does no damage.
Natasha misses you.
Your quokka bites Natasha.
You closely miss Natasha.
Natasha is severely wounded.
The white imp hits you.
* * * LOW HITPOINT WARNING * * *
The white imp freezes you. You resist.
You die...

**,###.,#.##.)###
**.#.,##^##(.#
*#.#.##.##..###
#####.#.##........
#.........##...###
#.###.#.#.##.§.### #r#
#.#....5...... #h#
#.###..#...._. #@#
#h.##h......$.
*****#5###...#..#......
**,,,,r.##.5....h.....8.
*,,**##.#####...........
*,**≈≈###*≈≈##..........
*,,≈≈≈≈≈≈≈≈≈≈#........_.
****≈≈****≈≈*#.....#....
****≈≈**≈*#.....#..##
*≈≈≈≈≈≈*≈*##.####..#


You could see Natasha, a white imp, a friendly quokka and a friendly rat.

Vanquished Creatures
  Natasha (D:3)
  2 adders (D:2)
  A giant gecko (D:2)
  2 ball pythons (D:2)
  2 giant cockroaches
  A goblin (D:2)
  4 hobgoblins
  5 jackals
  A quokka (D:3)
  3 bats
  A giant newt (D:3)
  2 kobolds
  5 rats (D:2)
30 creatures vanquished.

Vanquished Creatures (collateral kills)
  2 adders (D:2)
  2 giant geckos
  4 goblins
  A hobgoblin (D:1)
  4 jackals
  3 kobolds
  A bat (D:1)
  A rat (D:1)
18 creatures vanquished.

Grand Total: 48 creatures vanquished

Notes
Turn   | Place    | Note
--------------------------------------------------------------
     0 | D:1      | Hipnos the Mummy Summoner began the quest for the Orb.
     0 | D:1      | Reached XP level 1. HP: 13/13 MP: 3/3
  1004 | D:1      | Reached XP level 2. HP: 12/19 MP: 1/5
  1288 | D:2      | Found a snail-covered altar of Cheibriados.
  1711 | D:2      | Reached XP level 3. HP: 12/24 MP: 0/6
  2296 | D:3      | Noticed Natasha
  2304 | D:3      | Killed Natasha
  2304 | D:3      | Reached XP level 4. HP: 14/31 MP: 6/8
  2307 | D:3      | Found a blossoming altar of Fedhas.
  2308 | D:3      | Found a radiant altar of Vehumet.
  2309 | D:3      | Noticed murphy's ghost (weakling MfAE)
  2388 | D:3      | Noticed Natasha
  2441 | D:3      | HP: 1/31 [white imp[Natasha] (2)]
  2441 | D:3      | Slain by a white imp

Skill      XL: |  1  2  3 |
---------------+----------+-----
Dodging        | 2 |  2.4
Fighting       | |  0.4
Stealth        | |  1.5
Spellcasting   | |  2.9
Summonings     | |  3.8

Action                   |  1- 3 |  4- 6 || total
-------------------------+-------+-------++-------
Melee: Club              |    12 |       ||    12
       Spear             |    94 |     9 ||   103
 Cast: Summon Small Mamm |    57 |    14 ||    71
  Use: Scroll            |     1 |     2 ||     3
 Stab: Distracted        |     1 |       ||     1
       Sleeping          |     1 |       ||     1
Armor: Robe              |    45 |     3 ||    48
Dodge: Dodged            |   165 |    16 ||   181
